 Dungeon Crawl Stone Soup version 0.30-a0-43-gbbf338a72c (webtiles) character file.

Game seed: 595227180281991538

298 LnG the Chopper (level 6, 0/53 HPs)
             Began as a Hill Orc Fighter on Aug 31, 2022.
             Slain by Grinder (4 damage)
             ... on level 4 of the Dungeon.
             The game lasted 00:21:01 (4635 turns).

LnG the Chopper (Hill Orc Fighter)                  Turns: 4635, Time: 00:21:01

Health: 0/53       AC:  7    Str: 21    XL:     6   Next: 36%
Magic:  6/6        EV:  9    Int: 14    God:
Gold:   167        SH:  4    Dex: 10    Spells: 5/5 levels left

rFire   . . .      SeeInvis .    a - +4 war axe
rCold   . . .      Faith    .    c - +0 buckler
rNeg    . . .      Spirit   .    b - +0 scale mail
rPois   .          Reflect  .    (no helmet)
rElec   .          Harm     .    (no cloak)
rCorr   .          Rampage  .    (no gloves)
Will    .....                    (no boots)
Stlth   ..........               (no amulet)
HPRegen 0.17/turn                i - +6 ring of intelligence
MPRegen 0.10/turn                (no ring)

@: no status effects
A: no striking features
a: no special abilities


You were on level 4 of the Dungeon.
You visited 1 branch of the dungeon, and saw 4 of its levels.

You collected 167 gold pieces.

Inventory:

Hand Weapons
 a - a +4 war axe (weapon)
Armour
 b - a +0 scale mail (worn)
 c - a +0 buckler (worn)
Jewellery
 f - a +6 ring of intelligence
 i - a +6 ring of intelligence (left hand)
 r - a +4 ring of evasion
Wands
 p - a wand of acid (12)
Scrolls
 e - 2 scrolls of fear
 h - a scroll of identify {unknown}
 l - a scroll of teleportation {unknown}
 m - a scroll of noise
Potions
 d - a potion of might
 g - a potion of lignification
 j - a potion of flight {unknown}
 k - a potion of berserk rage {unknown}
 n - a potion of brilliance {unknown}
 o - a potion of magic {unknown}
 q - a potion of attraction {unknown}


   Skills:
 + Level 4.5 Fighting
 + Level 5.4 Axes
 + Level 5.0 Armour
 + Level 0.3 Dodging
 + Level 0.3 Stealth
 + Level 4.3 Shields


You had 5 spell levels left.
You didn't know any spells.
Your spell library contained the following spells:

 Spells                   Type           Power      Damage    Failure   Level
 Ensorcelled Hibernation  Hex/Ice        0%         N/A       83%         2
 Spider Form              Tmut/Pois      0%         N/A       96%         3
 Anguish                  Hex/Necr       0%         N/A       100%        4


Dungeon Overview and Level Annotations

Branches:
Dungeon (4/15)
 Temple: D:4-7

Altars:
Wu Jian

Shops:
D:3 (

Annotations:
D:4 Grinder


Message History

You closely miss Grinder.
Grinder is heavily wounded.
Grinder barely misses you. Grinder hits you.
You writhe in agony.
You slash Grinder!
Grinder is almost dead.
Grinder gestures at you.
You barely resist. You closely miss Grinder.
Grinder is almost dead.
Grinder hits you but does no damage.
You barely miss Grinder.
Grinder is almost dead.
Grinder gestures at you. You resist with significant effort.
Grinder gestures at you. Pain shoots through your body!
You are too injured to fight recklessly!
You are too injured to fight recklessly!
You are too injured to fight recklessly!
You hit Grinder but do no damage.
Grinder is almost dead.
Grinder gestures at you.
You suddenly lose the ability to move!
Grinder hits you but does no damage.
You can move again.
You closely miss Grinder.
Grinder is severely wounded.
Grinder completely misses you.
You completely miss Grinder.
Grinder is severely wounded.
Grinder hits you.
* * * LOW HITPOINT WARNING * * *
You writhe in agony.
* * * LOW HITPOINT WARNING * * *
You completely miss Grinder.
Grinder is severely wounded.
Grinder hits you.
* * * LOW HITPOINT WARNING * * *
You writhe in agony.
You die...

###.....## ...
## ##.....# ..
..## #.....# ..
...
#.....######
#.##..
#####......#
#.... #......#
... ###......#
#.#
#........####.#
#..........@5.#
#.........#####
#.....##..#
#......#..#
##.###..).# #.
#...# #. .#.##
..#>#


You could see Grinder.

Vanquished Creatures
  Terence (D:2)
  6 adders
  A worm (D:3)
  2 dart slugs (D:1)
  3 orcs (D:3)
  8 ball pythons
  2 endoplasms
  2 giant cockroaches
  3 goblins (D:1)
  2 hobgoblins
  4 quokkas
  5 bats
  2 frilled lizards
  2 kobolds
  4 rats
47 creatures vanquished.

Vanquished Creatures (collateral kills)
  Sigmund (D:2)
1 creature vanquished.

Grand Total: 48 creatures vanquished

Notes
Turn   | Place    | Note
-------+----------+-------------------------------------------
     0 | D:1      | LnG the Hill Orc Fighter began the quest for the Orb.
     0 | D:1      | Reached XP level 1. HP: 19/19 MP: 1/1
   383 | D:1      | Reached XP level 2. HP: 27/27 MP: 2/2
   787 | D:1      | Found a faded altar of an unknown god.
  1653 | D:2      | Reached XP level 3. HP: 27/33 MP: 3/3
  1985 | D:2      | Noticed Terence
  1995 | D:2      | Killed Terence
  1996 | D:2      | Reached XP level 4. HP: 33/40 MP: 4/4
  2679 | D:2      | Noticed Sigmund
  2722 | D:2      | Killed Sigmund
  2723 | D:2      | Reached skill level 5 in Axes
  2723 | D:2      | Reached XP level 5. HP: 14/47 MP: 5/5
  2723 | D:2      | Reached XP level 6. HP: 16/53 MP: 6/6
  4381 | D:3      | Found Heaxaplu's Weapon Boutique.
  4467 | D:3      | Found an ornate altar of the Wu Jian Council.
  4566 | D:4      | Reached skill level 5 in Armour
  4608 | D:4      | Noticed Grinder
  4631 | D:4      | Paralysed by Grinder for 2 turns
  4635 | D:4      | Slain by Grinder

Illustrated notes

Levels and vault maps discovered:
D:1:      amcnicky_arrival_wind_blow, layout_basic,
          dreamdust_ecumenical_altar_statues, nicolae_figureground_pulse
D:2:      layout_basic, minmay_crystal_room, uniq_terence, uniq_sigmund
D:3:      layout_basic, nicolae_wu_jian_immortal_techniques, serial_shops,
          nicolae_shop_advertising_works [nicolae_subvault_shop_adworks],
          nrook_mini_vaults
D:4:      layout_basic, uniq_grinder, uniq_ijyb, uniq_blork_the_orc

Skill      XL: |  1  2  3  4  5  6 |
---------------+-------------------+-----
Axes           | 3 5 |  5.4
Fighting       | 4 |  4.5
Armour         | 4 5 |  5.0
Shields        | 4 |  4.3
Dodging        | |  0.3
Stealth        | |  0.3

Action                   |  1- 3 |  4- 6 || total
-------------------------+-------+-------++-------
Melee: War axe           |    70 |    67 ||   137
  Use: Potion            |     1 |     1 ||     2
       Scroll            |     3 |     6 ||     9
Armor: Scale mail        |    30 |    32 ||    62
Dodge: Dodged            |    36 |    23 ||    59
Block: Buckler           |    18 |    11 ||    29

Table legend: (Time is in decaauts)
 A = Elapsed time spent in this place.
 B = Non-inter-level travel time spent in this place.
 C = Inter-level travel time spent in this place.
 D = Time resting spent in this place.
 E = Time spent auto-exploring this place.
 F = Levels seen in this place.
 G = Mean time per level.
                   A        B        C        D        E       F      G
               +--------+--------+--------+--------+--------+-----+--------+
         Total |   4679 |   4679 |      0 |   1524 |      0 |   4 | 1169.8 |
       Dungeon |   4679 |   4679 |      0 |   1524 |      0 |   4 | 1169.8 |
               +--------+--------+--------+--------+--------+-----+--------+

Top non-repeatable levels by time:
     D:2: 1880 daAuts
     D:1: 1658 daAuts
     D:3: 1046 daAuts
     D:4: 94 daAuts
